 Dungeon Crawl Stone Soup version 0.23.2-1-ga50397a (webtiles) character file.

Game seed: 16974027342536850318

19805 Furikabute the Thaumaturge (level 12, -8/76 HPs)
             Began as a Deep Elf Fire Elementalist on May 4, 2019.
             Was a High Priest of Vehumet.
             Mangled by an elephant (10 damage)
             ... on level 4 of the Lair of Beasts on May 5, 2019.
             The game lasted 01:39:20 (22855 turns).

Furikabute the Thaumaturge (DEFE)                  Turns: 22855, Time: 01:39:21

Health: -8/76      AC:  7    Str:  5    XL:     12   Next: 39%
Magic:  0/30       EV: 19    Int: 26    God:    Vehumet [*****.]
Gold:   849        SH:  6    Dex: 21    Spells: 14/36 levels left

rFire    + . .     SeeInvis .   G - +2 dagger (speed)
rCold    + + .     Gourm    .   H - +0 buckler
rNeg     + . .     Faith    .   i - +2 robe {rC+}
rPois    +         Spirit   +   x - +1 hat
rElec    .         Reflect  .   t - scarf {rC+ rF+}
rCorr    .         Harm     .   p - +0 pair of gloves
MR       +....                  j - +0 pair of boots
Stlth    ++........             n - amulet of guardian spirit
HPRegen  0.00/turn              D - +6 ring of dexterity
MPRegen  0.22/turn              h - ring of positive energy

@: about to teleport, very slightly contaminated, invisible
A: talons 1, blurry vision 1, poison resistance, inhibited regeneration
a: Renounce Religion


You were on level 4 of the Lair of Beasts.
You worshipped Vehumet.
Vehumet was extremely pleased with you.
You were not hungry.

You visited 3 branches of the dungeon, and saw 16 of its levels.
You also visited: Ossuary.

You collected 849 gold pieces.

Inventory:

Hand Weapons
 G - a +2 dagger of speed (weapon)
Armour
 i - a +2 robe of cold resistance (worn)
 j - a +0 pair of boots (worn)
 p - a +0 pair of gloves (worn)
 t - a scarf of resistance (worn)
 x - a +1 hat (worn)
 H - a +0 buckler (worn)
Jewellery
 h - a ring of positive energy (right hand)
 n - an amulet of guardian spirit (around neck)
 D - a +6 ring of dexterity (left hand)
Wands
 f - a wand of flame (57)
 w - a wand of disintegration (26)
 y - a wand of clouds (7)
 E - a wand of random effects (37)
 K - a wand of scattershot (7)
Scrolls
 d - a scroll of magic mapping
 e - a scroll of fog
 g - a scroll of teleportation
 B - 2 scrolls of remove curse
 L - a scroll of brand weapon
Potions
 c - 3 potions of berserk rage
 m - 2 potions of cancellation
 q - 3 potions of might
 r - a potion of ambrosia
 s - 2 potions of lignification
 u - 2 potions of flight
 v - 3 potions of resistance
 z - a potion of agility
 F - a potion of brilliance
 I - a potion of magic
Comestibles
 a - a chunk of flesh
 A - 22 rations


   Skills:
 * Level 9.4 Fighting
 + Level 8.0 Dodging
 - Level 2.4 Stealth
 - Level 4.2 Shields
 + Level 12.8 Spellcasting
 - Level 10.8 Conjurations
 - Level 8.0 Fire Magic


You had 14 spell levels left.
You knew the following spells:

 Your Spells              Type           Power        Failure   Level  Hunger
a - Flame Tongue          Conj/Fire      #####        1%          1    None
b - Throw Flame           Conj/Fire      ######       1%          2    None
c - Conjure Flame         Conj/Fire      ######..     1%          3    None
d - Sticky Flame          Conj/Fire      ######..     1%          4    None
e - Fireball              Conj/Fire      ######....   1%          5    ###....
f - Stone Arrow           Conj/Erth      #####.       1%          3    None
g - Throw Icicle          Conj/Ice       #####...     1%          4    None

Your spell library contained the following spells:

 Spells                   Type           Power        Failure   Level  Hunger
 Inner Flame              Hex/Fire       #####...     1%          3    None


Dungeon Overview and Level Annotations

Branches:
Dungeon (11/15)            Temple (1/1) D:4            Lair (4/6) D:10
  Swamp (0/4) Lair:4
  Snake: Lair:2-4    Spider: Lair:2-4       Orc: D:9-12

Altars:
Ashenzari
Cheibriados
Dithmenos
Elyvilon
Fedhas
Gozag
Hepliaklqana
Kikubaaqudgha
Makhleb
Nemelex Xobeh
Okawaru
Qazlal
Ru
Sif Muna
Trog
Uskayaw
Vehumet
Wu Jian
Xom
Yredelemnul
Zin
The Shining One

Annotations:
D:3 Natasha
D:6 2 transporters, Tramtrist's ghost, novice DDFi
D:10 3 runed translucent doors, RatmanManrat's ghost, journeyman MiBe
D:11 Maurice


Innate Abilities, Weirdness & Mutations

You have sharp toenails.
Scrolls take you a little longer to read.
Your system is resistant to poisons. (rPois)
You do not regenerate when monsters are visible.


Message History

The elephant completely misses you. The elephant barely misses you.
You are very lightly contaminated with residual magic.
Okay, then.
Really read with blurry vision while enemies are nearby?
The elephant barely misses you. The elephant trunk-slaps you.
* * * LOW HITPOINT WARNING * * *
You begin reading the scroll.
You continue reading the scroll.
You block the elephant's attack. The elephant misses you.
The elephant closely misses you. The elephant misses you.
As you read the scroll of teleportation, it crumbles to dust.
You feel strangely unstable. You block the elephant's attack.
The elephant barely misses you. The elephant misses you.
The elephant closely misses you. The elephant completely misses you. x2
Okay, then.
The elephant completely misses you. You block the elephant's attack.
The elephant misses you. You block the elephant's attack.
The elephant misses you. x3; The elephant trunk-slaps you.
The elephant tramples you!
You die...

#. #.....# # #..
####.....###.##
#...#.#............
#........†.........
#...........##P...P
....##......# #####
... #.....r#
...Y..#..YY##
#..##.##YSY@# .#
##...YYY# ..###..
#)..YFY# .#####.
#.....Y(. .≈≈≈≈##
#.#...........Y≈≈##
##....##.....#≈≈≈#.
#...###.###.######
#....#....Y..P#.#.
..........<...#.#.


You could see 8 elephants, 2 yaks, a spiny frog, a water moccasin and a
porcupine.

Vanquished Creatures
  Fannar (Lair:2)
  Erolcha (D:9)
  2 hydras
  An ugly thing (D:11)
  Joseph (D:9)
  2 elephants (Lair:4)
  A black mamba (Lair:1)
  4 spiny frogs
  2 komodo dragons
  2 rime drakes
  3 tyrant leeches
  A polar bear (Lair:2)
  A troll (D:9)
  Prince Ribbit (D:9)
  3 blink frogs (Lair:2)
  A hippogriff (D:10)
  31 yaks
  A wraith (Ossuary)
  A wyvern (Lair:1)
  2 hungry ghosts (D:8)
  A basilisk (Lair:1)
  A warg (Lair:1)
  Menkaure (D:4)
  A soldier ant (D:10)
  3 porcupines
  3 water moccasins
  4 orc warriors
  2 ice beasts
  A sky beast (D:8)
  3 ogres
  4 centaurs
  11 wolves
  2 crocodiles
  2 big kobolds
  7 bullfrogs
  3 scorpions
  9 killer bees (D:10)
  8 wights
  3 howler monkeys
  A jelly (D:9)
  A centaur zombie (D:6)
  2 crimson imps
  A quasit (D:5)
  Crazy Yiuf (D:4)
  4 hounds
  3 bullfrog skeletons
  A gnoll shaman (D:5)
  7 orc priests
  5 orc wizards
  2 centaur skeletons
  3 iguanas
  Ijyb (D:3)
  9 worker ants
  A killer bee zombie (D:5)
  A worker ant zombie (D:10)
  5 gnolls (D:5)
  5 adders
  A howler monkey skeleton (D:6)
  2 shadow imps
  An ooze (D:2)
  An adder zombie (Ossuary)
  An adder skeleton (D:10)
  4 worms
  3 dart slugs
  5 leopard geckos
  25 orcs
  8 bats
  6 giant cockroaches
  5 goblins
  6 hobgoblins
  10 jackals
  11 kobolds
  2 quokkas
  A ball python (D:5)
  2 ball python skeletons (Ossuary)
  5 frilled lizards
  2 hobgoblin skeletons (Ossuary)
  A kobold zombie (Ossuary)
  3 orc zombies (Ossuary)
  4 rats (D:2)
293 creatures vanquished.

Vanquished Creatures (others)
  4 fungi
  4 plants
8 creatures vanquished.

Grand Total: 301 creatures vanquished

Notes
Turn   | Place    | Note
-------+----------+-------------------------------------------
     0 | D:1      | Furikabute the Deep Elf Fire Elementalist began the quest
                  | for the Orb.
     0 | D:1      | Reached XP level 1. HP: 10/10 MP: 6/6
   318 | D:1      | Reached XP level 2. HP: 15/15 MP: 5/8
   348 | D:1      | Learned a level 2 spell: Throw Flame
  1296 | D:2      | Reached XP level 3. HP: 16/19 MP: 0/10
  1825 | D:2      | Learned a level 3 spell: Conjure Flame
  2253 | D:2      | Reached skill level 4 in Spellcasting
  2548 | D:2      | Reached XP level 4. HP: 24/24 MP: 6/12
  2594 | D:2      | Learned a level 4 spell: Sticky Flame
  3265 | D:3      | Noticed Ijyb
  3301 | D:3      | Killed Ijyb
  3561 | D:3      | Noticed Natasha
  4944 | D:4      | Noticed Menkaure
  5156 | D:4      | Reached XP level 5. HP: 28/28 MP: 2/13
  5271 | D:4      | Found a runed translucent door.
  5272 | D:4      | Noticed Crazy Yiuf
  5432 | D:4      | Reached skill level 5 in Fire Magic
  5547 | D:4      | Killed Menkaure
  5547 | D:4      | Reached skill level 5 in Spellcasting
  5547 | D:4      | Reached XP level 6. HP: 19/32 MP: 6/15
  5725 | D:4      | Found a staircase to the Ecumenical Temple.
  5818 | Temple   | Entered the Ecumenical Temple
  5902 | Temple   | Became a worshipper of Vehumet
  6229 | D:4      | Killed Crazy Yiuf
  7295 | D:5      | Entered Level 5 of the Dungeon
  7572 | D:5      | Learned a level 5 spell: Fireball
  7855 | D:5      | Reached skill level 5 in Conjurations
  7913 | D:5      | Reached XP level 7. HP: 36/36 MP: 11/17
  8327 | D:5      | Found a shimmering altar of Xom.
  8885 | D:5      | Reached skill level 6 in Spellcasting
  8980 | D:5      | Gained mutation: You have sharp toenails. [potion of
                  | mutation]
  8980 | D:5      | Gained mutation: You do not regenerate when monsters are
                  | visible. [potion of mutation]
  8980 | D:5      | Gained mutation: Scrolls take you a little longer to read.
                  | [potion of mutation]
  8980 | D:5      | Gained mutation: Your system is resistant to poisons.
                  | (rPois) [potion of mutation]
  9082 | D:6      | Found a transporter.
  9083 | D:6      | Noticed Tramtrist's ghost (novice DDFi)
  9085 | D:6      | Found a transporter.
  9375 | D:6      | Found a sand-covered staircase.
  9381 | Ossuary  | Entered an ossuary
  9630 | Ossuary  | Reached * piety under Vehumet
  9630 | Ossuary  | Offered knowledge of Shock by Vehumet.
  9733 | Ossuary  | Noticed a wraith
  9733 | Ossuary  | Noticed a flying skull
  9760 | Ossuary  | Noticed a flying skull
  9777 | Ossuary  | Noticed a flying skull
  9779 | Ossuary  | Noticed a flying skull
  9786 | Ossuary  | Noticed a wraith
  9904 | Ossuary  | Noticed a wraith
  9908 | Ossuary  | Killed a wraith
 10616 | D:6      | Found a hide-covered altar of Uskayaw.
 11169 | D:5      | Reached XP level 8. HP: 41/41 MP: 9/20
 11609 | D:7      | Reached skill level 7 in Spellcasting
 12470 | D:8      | Reached skill level 1 in Fighting
 12708 | D:8      | Offered knowledge of Searing Ray by Vehumet.
 12831 | D:8      | Reached ** piety under Vehumet
 13082 | D:8      | Reached skill level 8 in Spellcasting
 13361 | D:8      | Reached XP level 9. HP: 38/49 MP: 7/23
 14637 | D:9      | Noticed Prince Ribbit
 14658 | D:9      | Killed Prince Ribbit
 14772 | D:9      | Noticed a troll
 14781 | D:9      | Killed a troll
 14781 | D:9      | Reached skill level 1 in Shields
 14781 | D:9      | Reached skill level 9 in Spellcasting
 15034 | D:9      | Noticed Erolcha
 15294 | D:9      | Offered knowledge of Stone Arrow by Vehumet.
 15302 | D:9      | Learned a level 3 spell: Stone Arrow
 15345 | D:9      | Reached XP level 10. HP: 54/58 MP: 14/25
 15645 | D:9      | Reached *** piety under Vehumet
 15809 | D:9      | Noticed Joseph
 15813 | D:9      | Killed Erolcha
 15813 | D:9      | Reached skill level 5 in Fighting
 15813 | D:9      | Reached skill level 10 in Spellcasting
 15814 | D:9      | Killed Joseph
 15943 | D:9      | Found a snail-covered altar of Cheibriados.
 16102 | D:10     | Entered Level 10 of the Dungeon
 16693 | D:10     | Offered knowledge of Static Discharge by Vehumet.
 16738 | D:10     | Found a runed translucent gate.
 16739 | D:10     | Found a runed translucent gate.
 16739 | D:10     | Noticed RatmanManrat's ghost (journeyman MiBe)
 16752 | D:10     | Found a runed translucent gate.
 16754 | D:10     | Noticed a flayed ghost
 17225 | D:10     | Reached XP level 11. HP: 66/66 MP: 1/27
 17458 | D:10     | Reached **** piety under Vehumet
 17582 | D:10     | Reached skill level 11 in Spellcasting
 17656 | D:10     | Found a staircase to the Lair.
 17801 | D:11     | Offered knowledge of Force Lance by Vehumet.
 17804 | D:11     | Noticed Maurice
 17876 | D:11     | Reached skill level 10 in Conjurations
 17929 | D:11     | Noticed a cyan ugly thing
 17945 | D:11     | Killed a cyan ugly thing
 18241 | Lair:1   | Entered Level 1 of the Lair of Beasts
 18566 | Lair:1   | Reached skill level 5 in Dodging
 18974 | Lair:1   | Noticed a five-headed hydra
 19864 | Lair:1   | Killed a five-headed hydra
 20620 | Lair:2   | Noticed Fannar
 20629 | Lair:2   | Killed Fannar
 20629 | Lair:2   | Reached skill level 12 in Spellcasting
 21282 | Lair:3   | Reached XP level 12. HP: 75/75 MP: 22/30
 21411 | Lair:3   | Noticed a six-headed hydra
 21698 | Lair:3   | Killed a six-headed hydra
 22258 | Lair:2   | Reached ***** piety under Vehumet
 22424 | Lair:3   | Offered knowledge of Throw Icicle by Vehumet.
 22537 | Lair:3   | Learned a level 4 spell: Throw Icicle
 22675 | Lair:4   | Found a staircase to the Swamp.
 22851 | Lair:4   | HP: 2/76 [elephant (3)]
 22855 | Lair:4   | Mangled by an elephant

Skill      XL: |  1  2  3  4  5  6  7  8  9 10 11 12 |
---------------+-------------------------------------+-----
Fire Magic     | 4 5 6 7 8 |  8.0
Spellcasting   | 4 5 6 8 9 10 12 | 12.8
Conjurations   | 2 4 5 6 8 9 10 | 10.8
Fighting       | 2 4 6 8 9 |  9.4
Shields        | 3 4 |  4.2
Dodging        | 4 6 8 |  8.0
Stealth        | |  2.4

Action                   |  1- 3 |  4- 6 |  7- 9 | 10-12 || total
-------------------------+-------+-------+-------+-------++-------
Melee: Dagger            |     6 |    78 |    94 |     4 ||   182
       Kick              |       |       |    11 |       ||    11
       Hunting sling     |       |       |       |     1 ||     1
 Fire: Hunting sling     |       |       |    37 |       ||    37
Throw: Stone             |    11 |       |       |       ||    11
 Cast: Flame Tongue      |    58 |    45 |   167 |   175 ||   445
       Throw Flame       |    31 |    36 |    95 |    59 ||   221
       Conjure Flame     |     3 |    10 |    31 |    32 ||    76
       Sticky Flame      |       |     3 |    17 |    47 ||    67
       Fireball          |       |       |     3 |    27 ||    30
       Stone Arrow       |       |       |       |    67 ||    67
       Throw Icicle      |       |       |       |     1 ||     1
Evoke: Wand              |       |     1 |     7 |       ||     8
  Use: Scroll            |       |     6 |    14 |    10 ||    30
       Potion            |       |       |     8 |    11 ||    19
  Eat: Chunk             |     3 |    10 |    15 |    16 ||    44
       Ration            |     1 |     2 |     3 |     3 ||     9
Armor: Robe              |     8 |    19 |    23 |    15 ||    65
       Skin              |       |     1 |       |   108 ||   109
Dodge: Dodged            |    20 |    55 |   106 |    81 ||   262
Block: Buckler           |       |       |     2 |    57 ||    59
